 Dungeon Crawl Stone Soup version 0.29-a0-334-gb41bcbb86e (webtiles) character file.

Game seed: 16667327248981913935

50 lynaghe the Ducker (level 3, 0/36 HPs)
             Began as a Troll Fighter on Mar 9, 2021.
             Slain by a gnoll
             ... wielding a +0 spear
              (8 damage)
             ... on level 2 of the Dungeon on Apr 13, 2022.
             The game lasted 00:12:47 (1069 turns).

lynaghe the Ducker (Troll Fighter)                  Turns: 1069, Time: 00:12:48

Health: 0/36       AC:  5    Str: 26    XL:     3   Next: 55%
Magic:  2/2        EV:  8    Int:  4    God:
Gold:   94         SH:  7    Dex:  9    Spells: 2/2 levels left

rFire   . . .      SeeInvis .     - Unarmed
rCold   . . .      Faith    .   b - +0 kite shield
rNeg    . . .      Spirit   .   a - +1 robe
rPois   .          Reflect  .   (helmet restricted)
rElec   .          Harm     .   (no cloak)
rCorr   .          Rampage  .   (gloves unavailable)
Will    .....                   (boots unavailable)
Stlth   +.........              (no amulet)
HPRegen 0.92/turn               (no ring)
MPRegen 0.08/turn               (no ring)

@: no status effects
A: large, unfitting armour, claws 3, regeneration 1, shaggy fur 1, tough skin 1
a: no special abilities


You were on level 2 of the Dungeon.
You visited 1 branch of the dungeon, and saw 2 of its levels.

You collected 94 gold pieces.

Inventory:

Hand Weapons
 d - a +0 dagger
 e - a +0 club
 f - a +0 club
 o - a +0 spear
Missiles
 g - 15 bolts
 m - 24 stones (quivered)
Armour
 a - a +1 robe (worn)
 b - a +0 kite shield (worn)
 n - a +0 ring mail
Scrolls
 h - a scroll of enchant weapon {unknown}
 i - a scroll of noise {unknown}
 j - a scroll of teleportation {unknown}
 k - a scroll of identify {unknown}
Potions
 c - a potion of might
 l - a potion of lignification


   Skills:
 + Level 2.8 Fighting
 - Level 0.4 Maces & Flails
 + Level 2.8 Dodging
 + Level 2.8 Shields
 * Level 2.4 Unarmed Combat


You had 2 spell levels left.
You didn't know any spells.
Your spell library was empty.

Dungeon Overview and Level Annotations

Branches:
Dungeon (2/15)

Altars:


Innate Abilities, Weirdness & Mutations

You are too large for most types of armour.
You have claws for hands.
Your natural rate of healing is unusually fast.
You are covered in fur. (AC +1)
You have tough skin. (AC +1)


Message History

A gnoll comes into view. It is wielding a +0 spear.
You claw the endoplasm!
You kill the endoplasm!
You start waiting.
There are monsters nearby!
You barely miss the gnoll.
The gnoll hits you with a +1 whip of holy wrath.
The gnoll hits you but does no damage.
You scratch the gnoll.
The gnoll is lightly wounded.
The gnoll barely misses you.
The gnoll hits you from afar with a +0 spear.
You scratch the gnoll.
The gnoll is moderately wounded.
The gnoll hits you from afar with a +0 spear.
The gnoll closely misses you.
Press: ? - help, v - describe, . - travel
Here: a gnoll, wielding a +1 whip of holy wrath (moderately wounded)
The floor.
There are monsters nearby!
You scratch the gnoll.
The gnoll is severely wounded.
You block the gnoll's attack. x2
A gnoll comes into view. It is wielding a +0 halberd.
You scratch the gnoll.
The gnoll is almost dead.
The gnoll hits you from afar with a +0 spear.
The gnoll closely misses you.
You claw the gnoll!
You kill the gnoll!
The gnoll hits you from afar with a +0 spear.
Found 6 gold pieces.
The gnoll hits you with a +0 halberd!
You claw the gnoll!
The gnoll is heavily wounded.
The gnoll hits you with a +0 halberd!
* * * LOW HITPOINT WARNING * * *
You claw the gnoll!
You kill the gnoll!
The gnoll hits you from afar with a +0 spear!
You die...

# .## #.. ### ...# #.#
..##....###.#
...##.......#
....##......# .
#....##.....# ...
#.....##....#######.....
#......# #....g.@)......
..#..### ##..)#####....$
###.## #.#...... .##
###.# #.##..... ....#
#.# ..g... .#### #.#
...... )# #.# ...(.. .#
#.# ...... ## #.#


You could see a gnoll.

Vanquished Creatures
  2 gnolls (D:2)
  3 dart slugs
  2 ball pythons (D:2)
  A bat (D:1)
  An endoplasm (D:2)
  2 giant cockroaches (D:1)
  5 goblins (D:1)
  4 hobgoblins (D:1)
  6 jackals (D:1)
  3 kobolds (D:1)
29 creatures vanquished.

Notes
Turn   | Place    | Note
-------+----------+-------------------------------------------
     0 | D:1      | lynaghe the Troll Fighter began the quest for the Orb.
     0 | D:1      | Reached XP level 1. HP: 22/22 MP: 0/0
   114 | D:1      | Upgraded the game from 0.27-a0-577-ge2a43ba0c9 to
                  | 0.27-a0-1565-gad902ab807
   160 | D:1      | Reached XP level 2. HP: 29/29 MP: 1/1
   289 | D:1      | Upgraded the game from 0.27-a0-1565-gad902ab807 to
                  | 0.29-a0-334-gb41bcbb86e
   512 | D:1      | Reached XP level 3. HP: 34/36 MP: 2/2
  1069 | D:2      | Slain by a gnoll

Illustrated notes

Levels and vault maps discovered:
D:1:      scummos_arrival_checkerplants, layout_loops_ring
D:2:      layout_rooms, nrook_mini_backslash, nicolae_shop_unique_rings,
          minmay_shallow_snake_nest

Action                   || total
-------------------------++-------
Melee: Unarmed           ||    25
       Club              ||    85
  Use: Scroll            ||     1
       Potion            ||     1
Armor: Robe              ||    74
Dodge: Dodged            ||    61
Block: Kite shield       ||    55

Table legend: (Time is in decaauts)
 A = Elapsed time spent in this place.
 B = Non-inter-level travel time spent in this place.
 C = Inter-level travel time spent in this place.
 D = Time resting spent in this place.
 E = Time spent auto-exploring this place.
 F = Levels seen in this place.
 G = Mean time per level.
                   A        B        C        D        E       F      G
               +--------+--------+--------+--------+--------+-----+--------+
         Total |   1109 |    994 |    115 |     22 |    257 |   2 |  554.5 |
       Dungeon |   1109 |    994 |    115 |     22 |    257 |   2 |  554.5 |
               +--------+--------+--------+--------+--------+-----+--------+

Top non-repeatable levels by time:
     D:1: 958 daAuts
     D:2: 151 daAuts
